Map: Vigía EE

Players

TATORREA

  • Race: Protoss Protoss
  • League: Gold
  • Spawn Location: 5:00

tigro

  • Race: Terran Terran
  • League: Bronze
  • Spawn Location: 5:00

MrFercho

  • Race: Zerg Zerg
  • League: Silver
  • Spawn Location: 6:00

OscarCHEVERE

  • Race: Zerg Zerg
  • League: Diamond
  • Spawn Location: 12:00

VERDUGO

  • Race: Terran Terran
  • Spawn Location: 9:00

tanghelo

  • Race: Terran Terran
  • Spawn Location: 9:00

VOD

Have the link to the VOD?

Description

Time

  • Played on: July 5, 2020, 9:19 p.m.
  • Length: 26:28
Show
View Real Time Build Order
Export as new Build Order

TATORREA Protoss 

Build Orders:  

Get SALT Encoding   

  12  0:01  Probe  
  13  0:13  Probe  
  14  0:27  Pylon  
  14  0:30  Probe  
  15  0:45  Probe  
  15  0:47  Gateway  
  16  1:01  Probe  
  17  1:09  Probe  
  17  1:16  Assimilator  
  17  1:17  Probe  
  18  1:20  Pylon  
  19  1:28  Probe  
  20  1:40  Probe  
  21  1:51  Zealot  
  21  1:52  Probe  
  24  2:04  Probe  
  25  2:11  Cybernetics Core  
  25  2:16  Gateway, Probe  
  26  2:24  Gateway  
  26  2:28  Probe  
  27  2:40  Probe  
  28  2:55  Probe, Nexus  
  28  2:57  Pylon  
  29  3:04  Assimilator  
  29  3:07  Probe  
  30  3:20  Zealot  
  30  3:21  Zealot  
  30  3:25  Probe  
  31  3:32  Warp Gate  
  35  3:37  Probe  
  36  4:07  Probe  
  36  4:18  Probe  
  36  4:19  Probe  
  38  4:26  Probe  
  38  4:27  Probe  
  40  4:35  Probe  
  40  4:36  Stalker x2  
  45  4:47  Pylon  
  45  4:49  Pylon  
  45  4:51  Probe  
  46  4:54  Nexus  
  46  4:56  Assimilator, Pylon  
  46  4:58  Zealot  
  46  5:00  Assimilator  
  46  5:05  Probe x2  
  48  5:17  Probe  
  48  5:19  Probe  
  50  5:28  Stalker x2  
  50  5:29  Probe  
  50  5:34  Robotics Facility, Probe  
  56  5:41  Probe  
  57  5:49  Probe  
  58  5:53  Probe  
  58  5:57  Stalker x3  
  61  6:01  Probe  
  66  6:05  Probe  
  67  6:13  Probe  
  67  6:15  Pylon  
  68  6:18  Pylon  
  68  6:20  Probe  
  68  6:21  Probe  
  68  6:22  Probe  
  68  6:24  Pylon  
  71  6:28  Probe  
  71  6:29  Probe  
  71  6:32  Gateway  
  72  6:35  Gateway  
  72  6:39  Forge, Probe  
  73  6:40  Gateway, Forge, Probe x2  
  73  6:42  Forge  
  76  6:50  Assimilator  
  76  6:51  Assimilator  
  76  6:52  Probe x2  
  76  6:53  Probe  
  79  7:01  Immortal  
  83  7:04  Probe x2  
  83  7:05  Probe  
  86  7:17  Probe x2  
  86  7:18  Probe  
  89  7:40  Observer  
  89  7:41  Probe x3  
  89  7:43  Nexus  
  93  7:50  Pylon  
  93  7:52  Pylon  
  93  7:54  Stalker x3  
  93  7:55  Stalker, Pylon  
  93  7:57  Stalker, Pylon  
  103  8:00  Stalker  
  103  8:01  Immortal, Pylon  
  109  8:08  Protoss Ground Armor Level 1, Probe x3, Protoss Ground Weapons Level 1  
  109  8:10  Protoss Shields Level 1  
  112  8:21  Twilight Council  
  112  8:23  Probe x3  
  115  8:31  Stalker x2  
  115  8:32  Stalker x2  
  115  8:34  Stalker  
  125  9:05  Photon Cannon  
  125  9:06  Photon Cannon  
  125  9:07  Photon Cannon  
  125  9:08  Shield Battery  
  125  9:09  Photon Cannon  
  125  9:10  Shield Battery  
  112  9:30  Photon Cannon  
  111  9:32  Photon Cannon x2  
  111  9:37  Pylon  
  111  9:38  Photon Cannon  
  111  9:44  Photon Cannon  
  111  9:47  Photon Cannon  
  111  9:50  Photon Cannon, Shield Battery  
  111  9:52  Photon Cannon  
  111  9:54  Shield Battery  
  111  10:02  Photon Cannon  
  111  10:04  Photon Cannon, Pylon  
  111  10:06  Photon Cannon, Stargate  
  111  10:07  Stalker x2  
  111  10:08  Stalker x4, Stargate  
  111  10:09  Blink  
  123  10:21  Assimilator x2  
  123  10:48  Stalker x4  
  123  10:49  Stalker x2  
  135  10:52  Probe  
  135  10:53  Probe x3  
  139  11:00  Protoss Ground Armor Level 2  
  139  11:01  Protoss Shields Level 2  
  137  11:10  Protoss Ground Weapons Level 2  
  118  11:27  Phoenix x2  
  111  11:42  Probe  
  111  11:43  Probe x3  
  115  11:52  Phoenix x2  
  119  11:55  Probe x4  
  123  12:07  Probe x4  
  127  12:17  Phoenix x2  
  127  12:19  Probe x4  
  125  12:42  Phoenix x2  
  77  13:07  Stalker, Phoenix  
  77  13:08  Stalker x5  
  71  13:14  Probe x4  
  71  13:26  Probe x4  
  75  13:38  Probe x3  
  75  13:40  Stalker x2  
  75  13:41  Stalker x4  
  62  14:08  Stalker x2  
  62  14:09  Stalker x3  
  64  14:10  Stalker  
  47  14:33  Stalker x3  
  47  14:34  Stalker x3  
  57  14:57  Stalker x2  
  57  14:58  Stalker x3  
  57  14:59  Stalker  
  45  15:18  Probe  
  45  15:19  Probe x2  
  48  15:23  Stalker x5  
  48  15:24  Stalker  
  60  15:31  Probe  
  61  15:41  Probe  
  62  15:45  Probe x2  
  64  15:56  Probe  
  65  15:58  Stalker x3  
  65  15:59  Stalker x3  
  65  16:02  Phoenix  
  65  16:03  Phoenix  
  81  16:22  Protoss Ground Weapons Level 3  
  81  16:28  Nexus  
  81  16:38  Stalker x2  
  85  16:41  Pylon  
  85  16:44  Pylon  
  85  16:51  Phoenix x2  
  89  17:07  Probe x3  
  92  17:10  Stalker x2  
  92  17:11  Stalker  
  98  17:17  Phoenix  
  98  17:19  Probe  
  101  17:23  Phoenix  
  101  17:25  Probe  
  101  17:26  Probe  
  105  17:34  Stalker  
  107  17:39  Stalker  
  107  17:40  Probe  
  107  17:41  Probe  
  107  17:42  Probe  
  112  17:44  Probe  
  113  17:51  Assimilator  
  113  17:58  Probe x3  
  114  17:59  Probe  
  117  18:17  Probe  
  117  18:18  Probe x3  
  115  18:20  Nexus  
  115  18:23  Pylon  
  113  18:28  Stalker x2  
  113  18:30  Probe x3  
  94  19:06  Phoenix x2  
  96  19:17  Probe x3  
  94  19:20  Probe  
  94  19:29  Stalker x3, Fleet Beacon, Probe x3  
  94  19:30  Stalker x3  
  99  19:33  Phoenix x2  
  99  19:37  Protoss Ground Armor Level 3  
  101  19:41  Protoss Shields Level 3  
  101  19:45  Pylon  
  101  19:46  Pylon  
  101  19:51  Pylon  
  101  19:52  Pylon  
  101  19:54  Assimilator  
  101  19:58  Phoenix x2  
  105  20:00  Assimilator  
  105  20:29  Stalker  
  105  20:30  Stalker x2  
  105  20:31  Stalker x2  
  105  20:32  Stalker  
  105  20:34  Phoenix  
  119  20:37  Phoenix, Nexus  
  119  20:40  Pylon  
  121  20:56  Stalker x4  
  129  20:57  Stalker x2  
  133  21:04  Anion Pulse-Crystals  
  133  21:19  Phoenix x2  
  137  21:27  Stalker x2  
  141  21:35  Stalker x2  
  141  21:37  Protoss Air Weapons Level 1  
  145  21:42  Assimilator  
  145  21:43  Phoenix  
  145  21:44  Phoenix  
  147  21:47  Assimilator  
  147  21:52  Stalker x4  
  95  22:14  Stalker x2  
  91  22:16  Phoenix x2  
  93  22:28  Stalker x3  
  93  22:29  Stalker  
  95  22:41  Phoenix x2  
  95  22:42  Robotics Bay  
  97  22:48  Stalker  
  97  22:49  Stalker  
  93  23:01  Stalker  
  93  23:02  Stalker x3  
  97  23:06  Phoenix  
  95  23:15  Stalker x2  
  65  24:31  Pylon  
  65  24:32  Pylon x2  
  65  24:34  Pylon  
  65  24:36  Pylon  
  65  24:40  Pylon  
  65  24:41  Pylon  
  65  24:44  Pylon  
  39  25:13  Gateway  
  39  25:16  Gateway  
  39  25:25  Gateway  
  39  25:27  Gateway x2  
  39  25:29  Gateway  
  39  25:30  Gateway  
  39  25:32  Gateway  
  39  25:34  Gateway  
  39  25:36  Gateway  
  39  25:37  Gateway  
Show
View Real Time Build Order
Export as new Build Order

tigro Terran 

Build Orders:  

Get SALT Encoding   

  12  0:04  SCV  
  13  0:16  SCV  
  14  0:28  SCV  
  14  0:33  Supply Depot  
  15  0:37  Refinery  
  15  0:55  SCV  
  16  1:06  Barracks  
  16  1:20  SCV  
  17  1:28  Refinery  
  17  1:32  SCV  
  18  1:44  SCV  
  19  1:49  Supply Depot  
  19  1:55  Barracks  
  19  1:56  SCV  
  20  2:08  SCV  
  21  2:19  Marine  
  21  2:20  SCV  
  23  2:37  Marine  
  24  2:54  Barracks Reactor, Marine  
  24  2:55  SCV  
  26  3:04  Factory  
  26  3:10  Engineering Bay  
  26  3:12  Marine, Orbital Command  
  24  3:30  Marine  
  11  3:45  Marine  
  11  3:46  Marine  
  9  3:51  Hellion  
  10  4:03  Marine  
  10  4:04  Marine  
  11  4:21  Marine x2  
  11  4:39  Marine x2, Factory Tech Lab  
  11  4:44  SCV  
  14  4:56  SCV  
  14  4:57  Terran Infantry Weapons Level 1  
  15  5:00  Barracks Tech Lab  
  15  5:08  SCV  
  16  5:20  SCV  
  17  5:32  SCV  
  18  5:37  Starport  
  18  5:38  Combat Shield  
  18  5:44  SCV  
  19  6:07  SCV  
  20  6:14  Starport  
  20  6:19  SCV  
  21  6:31  Medivac, SCV  
  24  6:43  SCV  
  25  6:51  Terran Infantry Armor Level 1  
  25  6:55  SCV  
  25  6:57  Stimpack  
  26  7:07  SCV  
  27  7:13  Siege Tank  
  30  7:19  SCV  
  31  7:25  Starport Tech Lab x2  
  31  7:31  SCV  
  32  7:43  SCV  
  33  8:16  Command Center  
  33  8:17  Marine x3  
  36  8:29  Siege Tank  
  39  9:04  Marine  
  39  9:05  Marine x2  
  30  9:22  Marine x3  
  33  9:26  SCV  
  34  9:34  SCV, Refinery  
  34  9:38  SCV  
  36  9:46  SCV  
  36  9:47  Missile Turret  
  36  9:50  Marine x3, SCV  
  41  9:58  SCV  
  42  10:02  SCV  
  41  10:08  Marine x2  
  41  10:11  SCV  
  44  10:14  SCV  
  42  10:23  SCV  
  43  10:41  Marine  
  43  10:42  Marine x2  
  46  10:59  Armory, Marine x3  
  49  11:17  Marine x3  
  52  11:35  Marine x2  
  54  11:50  Fusion Core  
  54  12:06  Marine x3  
  31  12:23  Marine x2  
  31  12:24  Marine  
  34  12:31  Medivac x2  
  34  12:36  Terran Infantry Weapons Level 2  
  38  12:41  Marine x2  
  38  12:42  Marine  
  38  12:43  SCV  
  42  12:56  SCV  
  42  12:57  Refinery  
  43  12:59  Marine x2  
  43  13:00  Marine  
  46  13:07  Missile Turret  
  46  13:08  SCV  
  47  13:17  Marine x3  
  50  13:20  SCV  
  51  13:32  SCV  
  52  13:34  Missile Turret  
  52  13:35  Marine x3  
  48  13:53  Marine x3  
  42  13:56  Missile Turret  
  34  14:08  Medivac x2  
  38  14:10  Marine x2  
  38  14:11  Marine  
  38  14:13  Thor  
  47  14:23  Missile Turret  
  47  14:28  Marine x2  
  47  14:29  Marine  
  45  14:46  Marine x2  
  45  14:47  Marine, Missile Turret  
  45  14:52  Terran Infantry Armor Level 2  
  41  15:04  Marine x3  
  41  15:06  Battlecruiser  
  56  15:07  Battlecruiser  
  49  15:22  Marine x3  
  52  15:38  Thor  
  52  15:39  Marine x2  
  52  15:40  Marine  
  61  15:57  Marine  
  62  16:21  Supply Depot  
  62  16:30  Command Center  
  62  16:42  Medivac, Marine x3  
  62  16:43  Supply Depot, SCV  
  68  16:55  SCV  
  68  17:00  Marine  
  70  17:05  Marine  
  70  17:07  SCV  
  71  17:19  SCV  
  72  17:22  Marine  
  73  17:31  SCV  
  74  17:43  Refinery  
  74  17:46  Refinery  
  74  17:55  Marine x2  
  74  17:56  Marine  
  77  17:59  Terran Infantry Weapons Level 3  
  77  18:13  Marine x3  
  80  18:31  Marine x3  
  83  18:38  Weapon Refit  
  83  18:49  Marine x3  
  86  19:06  Marine  
  86  19:07  Marine x2  
  88  19:20  Battlecruiser  
  79  19:24  Marine  
  79  19:25  Marine x2  
  56  19:42  Marine x3  
  48  19:55  Medivac  
  50  20:00  Marine x3  
  53  20:10  Planetary Fortress  
  53  20:18  Rapid Reignition System, Marine x3  
  56  20:23  Medivac  
  58  20:28  SCV  
  59  20:36  Terran Infantry Armor Level 3, Marine x3  
  59  20:40  SCV  
  63  20:53  Marine, SCV  
  63  20:54  Marine x2  
  37  21:11  Marine  
  31  21:23  Battlecruiser  
  31  21:25  Marine x2  
  37  21:29  Marine  
  36  21:42  Marine  
  36  21:43  Marine  
  38  21:47  Marine  
  39  21:59  Cyclone  
  39  22:00  Marine  
  39  22:01  Marine  
  43  22:05  Marine  
  35  22:18  Medivac, Marine x2  
  38  22:23  Marine  
  37  22:31  Cyclone  
  37  22:36  Marine x2  
  40  22:41  Marine  
  40  22:54  Marine x2  
  42  22:58  Marine  
  19  23:39  Planetary Fortress  
  19  24:05  Orbital Command  
  19  24:45  SCV  
  20  24:57  SCV  
  21  25:07  Supply Depot  
  21  25:09  SCV  
  22  25:21  SCV  
  23  25:31  Supply Depot  
  23  25:33  SCV  
  23  25:34  Barracks  
  24  25:45  SCV  
  24  25:46  Unknown  
  26  26:23  Barracks, Barracks Reactor  
Show
View Real Time Build Order
Export as new Build Order

MrFercho Zerg 

Build Orders: Pool First 

Get SALT Encoding   

  12  0:01  Drone  
  13  0:17  Overlord  
  13  0:20  Drone  
  14  0:35  Drone x2  
  16  0:49  Spawning Pool  
  15  0:52  Drone x2  
  17  0:59  Extractor  
  17  1:00  Drone  
  17  2:00  Zergling x4  
  17  2:01  Zergling x2  
  20  2:16  Drone  
  20  2:22  Drone  
  22  2:36  Hatchery  
  21  2:37  Drone  
  22  2:55  Overlord x2  
  22  2:59  Metabolic Boost  
  22  3:13  Queen  
  24  3:21  Zergling x2  
  24  3:22  Zergling x2  
  24  3:44  Drone x2  
  25  3:49  Queen  
  27  3:57  Drone x2  
  27  4:01  Drone x2  
  29  4:13  Drone x2  
  31  4:21  Queen  
  33  4:24  Zergling x4  
  35  4:35  Drone x2  
  37  4:52  Drone x4  
  41  5:03  Evolution Chamber  
  31  5:22  Queen  
  31  5:24  Zergling x16  
  41  5:31  Drone  
  41  5:33  Zerg Melee Weapons Level 1  
  42  5:38  Overlord x2  
  42  5:39  Overlord  
  42  5:45  Baneling Nest  
  41  5:50  Drone x2  
  41  5:51  Drone  
  41  5:54  Overlord  
  44  6:00  Drone  
  45  6:06  Drone  
  45  6:07  Evolution Chamber, Drone x3  
  48  6:12  Spine Crawler  
  48  6:14  Zergling x6  
  48  6:16  Spine Crawler  
  49  6:21  Overlord  
  49  6:34  Zergling x8  
  53  6:42  Hatchery  
  53  6:45  Extractor  
  51  7:00  Zergling x2  
  51  7:01  Zergling x16  
  60  7:14  Drone x2  
  62  7:36  Zerg Ground Armor Level 1  
  62  7:42  Zergling x16  
  70  7:57  Drone x2  
  72  8:00  Drone x2  
  55  8:46  Spore Crawler  
  55  8:47  Spore Crawler  
  55  8:48  Spore Crawler  
  50  8:50  Spore Crawler  
  50  8:51  Drone x9  
  50  8:52  Drone  
  50  8:54  Spore Crawler  
  5  10:15  Hatchery  
  4  10:23  Drone  
  4  10:24  Drone x2  
  7  10:34  Hatchery  
  6  10:50  Drone x2  
  8  11:16  Drone x2  
  10  11:26  Drone  
  10  11:27  Drone  
  10  11:28  Drone  
  13  11:52  Hatchery  
  13  11:53  Drone x5  
  17  11:57  Drone  
  17  11:59  Drone  
  17  12:01  Queen  
  19  12:03  Queen  
  19  12:05  Queen  
  19  12:06  Drone  
  19  12:08  Drone  
  27  12:10  Drone  
  27  12:11  Drone  
  29  12:22  Drone x3  
  32  12:29  Drone  
  33  12:31  Drone  
  33  12:33  Drone  
  35  12:40  Drone  
  35  12:42  Drone  
  37  12:49  Drone  
  38  12:57  Drone x3  
  41  13:02  Drone  
  41  13:03  Drone  
  41  13:04  Drone  
  41  13:05  Drone  
  45  13:06  Lair  
  45  13:13  Drone  
  45  13:18  Drone  
  45  13:19  Drone x6  
  53  13:25  Drone x4  
  53  13:26  Drone  
  58  13:41  Zergling x6  
  61  14:00  Zergling x2  
  61  14:01  Zergling x30  
  77  14:08  Overlord x2  
  77  14:21  Hydralisk Den  
  75  14:42  Drone x12  
  85  14:48  Extractor  
  85  14:50  Extractor  
  80  15:13  Drone x8  
  88  15:21  Hydralisk Den  
  85  15:56  Extractor  
  84  16:00  Extractor  
  84  16:02  Extractor  
  82  16:15  Muscular Augments  
  82  16:22  Overlord x9  
  82  16:23  Overlord x7  
  82  16:24  Hatchery  
  70  16:46  Queen  
  72  16:58  Hydralisk x15  
  102  17:26  Grooved Spines  
  102  17:27  Drone x8  
  102  17:28  Drone x5  
  102  17:29  Drone x2  
  118  17:30  Drone  
  118  17:51  Hydralisk x11  
  118  17:52  Hydralisk x4  
  144  18:18  Hydralisk x6  
  144  18:19  Hydralisk  
  158  18:23  Zergling x24  
  158  18:24  Zergling x6  
  173  18:39  Extractor  
  173  18:40  Drone x2  
  173  18:41  Drone  
  175  18:43  Zergling x6  
  175  18:44  Zergling x4  
  180  19:00  Zerg Missile Weapons Level 1  
  172  19:04  Evolution Chamber  
  172  19:08  Evolution Chamber  
  161  19:10  Lurker Den  
  152  19:19  Hydralisk  
  152  19:20  Hydralisk x11  
  152  19:35  Zergling x34  
  133  19:47  Infestation Pit  
  108  20:24  Hydralisk x16  
  108  20:25  Hydralisk x3  
  108  20:26  Hydralisk  
  126  20:46  Zerg Ground Armor Level 2  
  120  21:02  Hydralisk x7  
  124  21:20  Spire  
  119  21:31  Lurker  
  120  21:37  Spore Crawler  
  120  21:38  Spore Crawler  
  118  21:42  Spore Crawler  
  106  21:51  Spire  
  93  21:59  Hydralisk x8  
  93  22:00  Hydralisk  
  112  22:04  Zergling x14  
  108  22:25  Lair  
  99  22:30  Spire  
  60  23:09  Corruptor x5  
  58  23:23  Hive  
  58  23:47  Corruptor x3  
  64  23:57  Hatchery  
  63  24:09  Corruptor x2  
  67  24:23  Spawning Pool  
  58  25:33  Zergling x26  
  58  25:34  Zergling x32  
Show
View Real Time Build Order
Export as new Build Order

OscarCHEVERE Zerg 

Build Orders: Pool First 

Get SALT Encoding   

  12  0:03  Drone  
  13  0:08  Drone  
  14  0:17  Overlord  
  14  0:31  Extractor  
  14  0:32  Drone  
  14  0:36  Drone  
  14  0:37  Drone  
  16  0:48  Drone  
  17  0:53  Spawning Pool  
  16  0:57  Drone  
  17  1:08  Drone  
  18  1:19  Overlord  
  18  1:33  Drone  
  19  1:40  Metabolic Boost  
  19  1:41  Zergling x2  
  20  1:50  Zergling x2  
  20  1:52  Hatchery  
  21  2:01  Zergling x2  
  21  2:12  Zergling x2  
  22  2:25  Zergling x2  
  22  2:28  Queen  
  26  2:37  Zergling x2  
  26  2:49  Zergling x2  
  27  2:51  Hatchery  
  27  2:55  Zergling x2  
  27  3:04  Queen  
  29  3:06  Zergling x2  
  24  4:12  Zergling x8  
  24  4:13  Zergling x6  
  28  4:29  Lair  
  28  4:32  Extractor  
  28  4:33  Drone  
  28  4:35  Drone x2  
  30  4:45  Queen  
  32  4:46  Drone  
  33  4:53  Drone x3  
  33  4:55  Drone x2  
  33  4:57  Drone x2  
  33  5:23  Drone x6  
  33  5:24  Drone  
  40  5:33  Extractor  
  40  5:35  Spire  
  38  5:36  Drone  
  38  5:37  Drone  
  38  5:38  Drone x2  
  38  5:41  Overlord x2  
  42  5:58  Evolution Chamber  
  42  6:01  Drone x3  
  44  6:05  Extractor  
  43  6:12  Extractor, Drone x2  
  43  6:13  Drone  
  43  6:14  Extractor, Drone x3  
  47  6:33  Drone  
  47  6:36  Drone  
  47  6:38  Drone  
  50  6:51  Mutalisk  
  50  6:52  Mutalisk x3  
  50  6:53  Overlord x2  
  50  6:54  Overlord  
  58  6:55  Overlord  
  58  6:59  Zerg Flyer Weapons Level 1  
  58  7:07  Spine Crawler  
  58  7:08  Drone  
  58  7:15  Mutalisk x6  
  70  7:28  Queen  
  70  7:29  Drone x2  
  75  7:30  Drone  
  75  7:31  Drone x3  
  78  7:44  Mutalisk x5  
  78  7:50  Mutalisk  
  90  7:55  Overlord x2  
  90  7:56  Roach Warren  
  89  8:18  Mutalisk  
  89  8:19  Mutalisk x3  
  93  8:49  Mutalisk x3  
  93  8:50  Mutalisk  
  93  8:51  Zergling x10  
  106  9:05  Overlord x4  
  104  9:36  Zergling x8  
  104  9:37  Zergling x10  
  112  9:50  Mutalisk x4  
  112  9:51  Mutalisk x6  
  128  9:54  Zerg Flyer Weapons Level 2  
  128  9:59  Evolution Chamber  
  127  10:03  Zerg Ground Armor Level 1  
  124  10:35  Zergling x4  
  125  10:36  Zergling x8  
  125  10:37  Overlord x2  
  125  10:38  Zerg Melee Weapons Level 1  
  130  10:44  Overlord  
  130  10:45  Overlord x2  
  128  11:06  Mutalisk x5  
  128  11:07  Zergling x2  
  135  11:38  Zergling x2  
  135  11:39  Zergling x18  
  145  11:50  Drone  
  137  12:17  Zerg Flyer Armor Level 1  
  137  12:19  Spire  
  137  12:22  Roach  
  138  12:23  Roach x13  
  162  12:35  Zergling x2  
  162  12:36  Zergling x10  
  124  12:46  Zergling x2  
  124  12:47  Zergling x8  
  94  13:32  Infestation Pit  
  72  14:17  Corruptor x3  
  72  14:18  Corruptor x6  
  72  14:19  Corruptor x2  
  84  15:23  Hive  
  80  15:43  Hatchery  
  79  15:58  Mutalisk  
  79  15:59  Hatchery, Mutalisk x3  
  79  16:01  Mutalisk x2  
  90  16:39  Greater Spire  
  90  16:41  Zerg Flyer Armor Level 2  
  90  16:45  Zerg Ground Armor Level 2, Zerg Melee Weapons Level 2  
  90  17:02  Zergling x4  
  90  17:03  Zergling x2  
  90  17:07  Drone x2  
  95  17:12  Drone  
  96  17:33  Drone x2  
  97  17:56  Brood Lord  
  97  17:57  Brood Lord x5  
  109  17:59  Brood Lord  
  109  18:01  Drone  
  112  18:27  Brood Lord x3  
  118  18:36  Drone x3  
  118  18:39  Drone x4  
  118  18:40  Drone x2  
  127  18:57  Zerg Flyer Weapons Level 3  
  126  19:03  Zergling x2  
  126  19:04  Zergling x24  
  126  19:05  Zergling x12  
  130  19:28  Corruptor x5  
  132  19:44  Corruptor x2  
  131  19:53  Drone x2  
  133  20:05  Corruptor  
  131  20:30  Zergling x2  
  131  20:31  Zergling x32  
  148  20:50  Zergling x4  
  148  20:51  Zergling x4  
  144  21:40  Zergling x24  
  118  22:42  Extractor x2  
  104  23:27  Extractor  
  103  24:14  Hatchery  
  102  24:19  Hatchery  
  102  24:20  Zergling x2  
  102  24:21  Zergling x20  
  102  24:22  Zergling x2  
  113  24:28  Brood Lord x4  
  121  24:35  Drone  
  121  25:07  Corruptor x3  
  120  26:05  Zergling x2  
  120  26:06  Zergling x30  
Show
View Real Time Build Order
Export as new Build Order

VERDUGO Terran 

Build Orders:  

Get SALT Encoding   

  12  0:04  SCV  
  13  0:26  Supply Depot  
  13  1:18  Barracks  
  11  1:41  SCV  
  12  1:56  Refinery  
  12  2:01  Supply Depot  
  12  2:06  Supply Depot  
  12  2:20  Refinery  
  12  2:37  Barracks  
  12  2:43  Barracks  
  12  3:07  Supply Depot  
  12  3:08  SCV  
  13  3:21  SCV  
  14  3:33  SCV  
  15  3:41  Factory  
  15  3:45  SCV  
  16  3:53  Supply Depot  
  16  4:10  Bunker  
  16  4:15  Supply Depot  
  16  4:22  SCV  
  17  4:35  SCV  
  17  4:37  Supply Depot  
  18  4:47  SCV  
  19  4:59  Supply Depot, SCV  
  20  5:11  SCV  
  20  5:13  Command Center  
  21  5:23  SCV  
  22  5:36  SCV  
  22  5:42  Supply Depot  
  23  5:48  SCV  
  24  6:22  Command Center  
  24  6:26  Refinery  
  24  6:30  Supply Depot  
  24  6:33  SCV  
  25  6:45  SCV  
  26  6:48  SCV  
  27  6:57  Starport, SCV  
  27  7:00  SCV  
  29  7:01  Supply Depot  
  29  7:09  SCV  
  29  7:14  SCV  
  31  7:19  Starport  
  31  7:21  SCV  
  32  7:26  SCV  
  33  7:35  Starport, SCV  
  33  7:36  Refinery  
  34  7:47  SCV  
  35  7:53  Fusion Core  
  35  7:59  SCV  
  36  8:11  SCV  
  36  8:12  Starport  
  37  8:22  Starport  
  37  8:23  SCV  
  40  9:02  Supply Depot  
  38  9:07  Starport Tech Lab  
  38  9:09  Viking  
  32  10:42  SCV  
  33  10:46  SCV  
  34  10:54  SCV  
  35  10:58  SCV  
  36  11:06  SCV  
  36  11:10  SCV  
  36  11:11  Supply Depot  
  38  11:18  SCV  
  38  11:22  SCV  
  40  11:30  SCV  
  41  11:33  Supply Depot  
  33  11:42  Viking  
  33  11:44  Viking  
  33  11:45  Viking  
  33  11:47  Viking  
  39  11:48  Viking  
  41  11:56  SCV  
  42  12:08  SCV  
  43  12:21  SCV  
  44  12:33  SCV  
  45  12:45  SCV  
  44  13:52  Viking x5  
  46  14:00  Supply Depot  
  44  14:17  SCV  
  45  14:21  Command Center  
  45  14:22  Viking x5  
  45  14:23  Refinery  
  55  14:24  Supply Depot  
  55  14:29  SCV  
  56  14:37  Command Center  
  56  14:41  SCV  
  57  14:52  Viking x5  
  67  14:53  SCV  
  67  14:56  Supply Depot  
  68  15:01  Barracks  
  68  15:05  SCV  
  69  15:18  Supply Depot  
  69  15:22  Viking x4  
  77  15:29  SCV  
  78  15:41  SCV  
  79  15:43  Supply Depot  
  79  15:52  Refinery  
  79  15:54  SCV  
  80  16:01  SCV  
  81  16:06  Supply Depot, SCV  
  72  16:13  SCV  
  61  16:18  SCV  
  62  16:25  SCV  
  62  16:30  SCV  
  64  16:37  SCV  
  65  16:42  SCV  
  66  16:48  SCV  
  66  16:50  SCV  
  68  17:00  SCV  
  68  17:01  SCV  
  70  17:02  SCV  
  70  17:06  Viking x4  
  70  17:07  Viking  
  81  17:12  SCV  
  81  17:13  SCV  
  81  17:14  SCV  
  84  17:15  Supply Depot  
  84  17:25  SCV x2  
  84  17:26  SCV  
  87  17:36  Viking x4  
  87  17:37  Viking, SCV x2  
  96  17:38  Supply Depot, SCV  
  100  17:45  Factory  
  100  17:49  SCV  
  101  17:55  SCV  
  102  18:01  SCV  
  102  18:03  Supply Depot  
  103  18:06  Viking x4  
  103  18:07  SCV  
  112  18:13  SCV  
  112  18:19  SCV  
  114  18:25  SCV  
  113  18:31  SCV  
  114  18:37  SCV  
  115  18:43  SCV  
  74  19:37  Viking x5  
  80  20:07  Viking x5  
  82  20:37  Viking x5  
  90  21:06  Viking  
  90  21:07  Viking x4  
  100  21:13  Refinery  
  100  21:27  SCV  
  101  21:39  SCV  
  102  21:51  SCV  
  103  22:03  SCV  
  104  22:15  SCV  
  103  22:37  Viking  
  103  22:38  Viking x4  
  109  24:07  Command Center  
  109  24:26  Refinery  
  109  24:31  Refinery  
  109  24:35  Command Center  
  109  24:39  Refinery  
  109  24:44  Refinery  
  103  25:47  Viking  
  103  25:48  Viking x4  
  113  26:00  SCV  
  113  26:02  SCV  
  106  26:12  SCV  
  106  26:14  SCV  
Show
View Real Time Build Order
Export as new Build Order

tanghelo Terran 

Build Orders:  

Get SALT Encoding   

  12  0:01  SCV  
  13  0:13  SCV  
  14  0:22  Supply Depot  
  14  0:31  SCV  
  15  0:44  SCV  
  16  0:56  SCV  
  17  1:04  Barracks  
  17  1:05  Barracks  
  17  1:08  SCV  
  16  2:15  Barracks  
  16  2:16  SCV  
  17  2:47  Refinery  
  17  2:50  Refinery  
  17  3:06  Marine  
  18  3:24  Marine  
  17  3:56  Barracks Reactor  
  17  3:59  Barracks  
  17  4:02  SCV  
  18  4:13  Barracks Reactor, Command Center  
  18  4:14  SCV  
  19  4:26  Factory, SCV  
  19  4:30  Supply Depot  
  20  4:33  Supply Depot  
  20  4:38  SCV  
  21  4:49  Marine x2  
  21  4:51  SCV  
  24  4:53  Marine  
  24  4:54  Marine  
  24  4:56  Barracks Reactor  
  24  4:59  Barracks  
  26  5:03  SCV  
  27  5:07  Marine x2  
  29  5:20  Starport  
  29  5:25  Marine x2  
  31  5:30  Factory Tech Lab  
  31  5:41  SCV  
  32  5:42  Marine  
  32  5:43  Marine  
  35  5:50  SCV  
  35  5:53  SCV  
  36  5:58  Refinery  
  36  6:02  SCV  
  36  6:04  Starport  
  37  6:05  SCV  
  37  6:06  Starport Reactor  
  37  6:08  Siege Tank  
  41  6:14  Supply Depot, SCV  
  41  6:17  SCV  
  43  6:26  SCV  
  43  6:29  SCV  
  43  6:32  Barracks Tech Lab  
  45  6:34  Marine  
  45  6:35  Marine  
  45  6:37  Supply Depot  
  45  6:38  SCV  
  48  6:41  SCV  
  48  6:46  Medivac x2  
  53  6:49  Supply Depot  
  53  6:50  SCV  
  53  6:52  Marauder  
  53  6:53  SCV  
  57  6:55  Marine x3  
  57  6:56  Marine  
  61  7:02  SCV  
  61  7:05  SCV  
  63  7:13  Marine x3  
  63  7:14  Marauder, SCV  
  69  7:16  Refinery  
  69  7:26  SCV  
  70  7:32  Medivac x2  
  70  7:36  Siege Tank  
  77  7:38  SCV  
  78  7:57  Supply Depot  
  78  7:59  Supply Depot  
  78  8:18  Marine x6, SCV  
  85  8:21  Marauder  
  85  8:25  Supply Depot  
  87  8:29  Starport Reactor  
  87  8:30  Supply Depot  
  87  8:31  SCV  
  88  8:36  Marine x4  
  94  8:44  Marauder  
  94  8:46  SCV  
  89  8:59  SCV  
  81  9:11  SCV  
  35  10:56  Supply Depot  
  35  10:57  Supply Depot  
  35  10:58  Supply Depot  
  35  11:12  Starport Reactor  
  35  11:17  Viking  
  37  11:18  Viking  
  37  11:19  Supply Depot  
  39  11:29  SCV  
  39  11:31  SCV  
  41  11:41  SCV  
  41  11:44  SCV  
  41  11:47  Barracks x2  
  43  11:53  SCV  
  44  11:56  SCV  
  45  12:05  SCV  
  45  12:08  SCV  
  47  12:18  SCV  
  47  12:20  SCV  
  47  12:21  Refinery  
  49  12:24  Refinery  
  49  12:27  Supply Depot  
  49  12:40  Barracks  
  49  12:41  Barracks  
  49  12:42  Barracks  
  49  12:48  Barracks Tech Lab  
  49  12:53  Supply Depot  
  49  12:54  Supply Depot  
  49  12:55  Viking x3  
  49  12:56  Viking  
  57  13:04  Barracks Tech Lab  
  57  13:16  Supply Depot  
  57  13:17  Supply Depot  
  57  13:25  Viking x3  
  57  13:26  Viking  
  65  13:28  SCV  
  65  13:30  SCV  
  67  13:40  SCV  
  68  13:42  Supply Depot, SCV  
  68  13:44  Barracks Reactor  
  68  13:47  Barracks Reactor  
  68  13:49  Barracks Reactor  
  68  13:52  SCV  
  68  13:54  SCV  
  68  13:55  Viking x2  
  69  13:59  Supply Depot  
  69  14:00  Supply Depot  
  71  14:04  SCV  
  71  14:07  SCV  
  71  14:08  Supply Depot  
  73  14:14  Barracks  
  73  14:16  SCV  
  74  14:19  SCV  
  74  14:22  Supply Depot  
  75  14:25  Supply Depot  
  75  14:32  Viking x4  
  83  14:44  Supply Depot  
  81  14:51  Marine x8  
  84  15:01  Viking  
  84  15:02  Viking x3  
  92  15:08  Marine x2  
  92  15:09  Marine x6  
  98  15:26  Marine x3  
  101  15:54  Supply Depot  
  101  15:55  Supply Depot  
  101  16:17  Supply Depot  
  101  16:19  Supply Depot  
  101  16:39  Orbital Command  
  101  16:45  Supply Depot  
  101  16:52  Command Center  
  99  17:23  Viking x4  
  107  17:30  Refinery  
  107  17:33  Refinery  
  107  17:44  Factory  
  107  17:53  Viking x4  
  84  18:23  Viking  
  71  19:45  Starport  
  71  19:47  Starport  
  71  19:49  Starport  
  71  19:51  Starport  
  70  20:33  Command Center  
  66  20:36  Viking x4  
  66  20:37  Viking x4  
  76  21:06  Viking x4  
  76  21:07  Viking x3  
Tags
 
Add a new tag
Caveats
  • Supply blocks, unpowered buildings, or Contaminate may cause inaccurate times.
  • Supply counts are checked every 10 seconds.